 Dungeon Crawl Stone Soup version 0.28-a0-8-g6e044cfa68 (webtiles) character file.

Game seed: 12169638929773767775

55 Zonian the Skirmisher (level 3, -2/33 HPs)
             Began as a Hill Orc Fighter on July 25, 2021.
             Succumbed to a scorpion's poison
             ... on level 2 of the Dungeon.
             The game lasted 00:01:59 (1609 turns).

Zonian the Skirmisher (Hill Orc Fighter)            Turns: 1609, Time: 00:01:59

Health: -2/33      AC:  6    Str: 15 (18) XL:     3   Next: 93%
Magic:  3/3        EV:  7    Int:  5 (8)  God:
Gold:   45         SH:  8    Dex:  9 (11) Spells: 2/2 levels left

rFire   . . .      SeeInvis .   a - +0 war axe
rCold   . . .      Faith    .   c - +0 kite shield
rNeg    . . .      Spirit   .   b - +0 scale mail
rPois   .          Reflect  .   (no helmet)
rElec   .          Harm     .   (no cloak)
rCorr   .          Rampage  .   (no gloves)
Will    .....                   (no boots)
Stlth   ..........              (no amulet)
HPRegen 1.11/turn               (no ring)
MPRegen 0.08/turn               (no ring)

@: lethally poisoned (-2 -> -11), invisible
A: regeneration 1, inability to read while threatened
a: no special abilities


You were on level 2 of the Dungeon.
You visited 1 branch of the dungeon, and saw 2 of its levels.

You collected 45 gold pieces.

Inventory:

Hand Weapons
 a - a +0 war axe (weapon)
 h - a +2 spear of venom
Missiles
 o - 6 sling bullets
Armour
 b - a +0 scale mail (worn)
 c - a +0 kite shield (worn)
Jewellery
 e - a ring of flight
 l - an amulet of magic regeneration
Scrolls
 f - a scroll of summoning {unknown}
 i - 2 scrolls of noise {unknown}
 m - a scroll of teleportation {unknown}
 n - a scroll of identify {unknown}
Potions
 d - a potion of might
 g - 2 potions of mutation


   Skills:
 + Level 4.2 Fighting
 + Level 3.4 Axes
 + Level 3.6 Armour
 + Level 0.3 Dodging
 + Level 4.0 Shields


You had 2 spell levels left.
You didn't know any spells.
Your spell library was empty.

Dungeon Overview and Level Annotations

Branches:
Dungeon (2/15)

Altars:


Innate Abilities, Weirdness & Mutations

Your natural rate of healing is unusually fast.
You sometimes lose the ability to read scrolls when taking damage.


Message History

You kill the kobold!
No target in view!
Unknown command.
You now have 45 gold pieces (gained 11).
You see here a +0 short sword.
A scorpion comes into view.
Unknown command.
The scorpion stings you.
You slash the scorpion!
The scorpion is severely wounded.
The scorpion stings you. The scorpion stings you!
You are too injured to fight recklessly!
You are too injured to fight recklessly!
You are too injured to fight recklessly!
Unknown command.
You hit the scorpion.
The scorpion is almost dead.
The scorpion stings you.
You are lethally poisoned!
The scorpion poisons you! The scorpion stings you.
Unknown command.
It was a potion of mutation.
You feel extremely strange.
You lose the ability to read scrolls when threatened.
You begin to heal more quickly.
You feel very sick. The scorpion stings you.
You feel threatened and lose the ability to read scrolls!
* * * LOW HITPOINT WARNING * * *
You are lethally poisoned!
The scorpion poisons you!
It was a potion of degeneration.
There was something very wrong with that liquid.
You feel weakened.
You feel dopey.
You feel clumsy.
* * * LOW HITPOINT WARNING * * *
You feel very sick. You block the scorpion's attack.
It was a potion of invisibility.
You fade into invisibility!
You can read scrolls again.
You die...

...##...#.###.###
#........>..........†
#.##......#.#.#.#.###
#.##...?..# #.#.#.# #
#.##......# #.#.#.# #
#.........#.#...#.# #
#...........#...#.###
#.........# #.#.#.##.
#...@.....# #.#.#.##.
#.###s....###.#.# ...
#.# .....##....#####
######.#
.....##((.......
#......#
.....##........#
#.######
#######..(.###.# #.#
#....##....# #.# #.#
#.##.##.÷..# #.#
#.#########.##.###.#.#
#.#


You could see a scorpion.

Vanquished Creatures
  2 adders (D:2)
  A dart slug (D:2)
  3 endoplasms
  A giant cockroach (D:1)
  3 hobgoblins
  5 jackals (D:2)
  4 kobolds
  3 ball pythons
  4 bats
  3 frilled lizards
  6 rats
35 creatures vanquished.

Notes
Turn   | Place    | Note
-------+----------+-------------------------------------------
     0 | D:1      | Zonian the Hill Orc Fighter began the quest for the Orb.
     0 | D:1      | Reached XP level 1. HP: 19/19 MP: 1/1
   251 | D:1      | Found a faded altar of an unknown god.
   301 | D:1      | Reached XP level 2. HP: 27/27 MP: 2/2
   908 | D:2      | Reached XP level 3. HP: 29/33 MP: 3/3
  1603 | D:2      | Noticed a scorpion
  1607 | D:2      | Gained mutation: You sometimes lose the ability to read
                  | scrolls when taking damage. [potion of mutation]
  1607 | D:2      | Gained mutation: Your natural rate of healing is unusually
                  | fast. [potion of mutation]
  1608 | D:2      | HP: 1/33 [poisoned by a scorpion]
  1609 | D:2      | Succumbed to a scorpion's poison

Illustrated notes

Levels and vault maps discovered:
D:1:      giann_wishing_wells, layout_basic, ebering_ecumenical_altar_abandoned
D:2:      layout_basic

Skill      XL: |  1  2  3 |
---------------+----------+-----
Fighting       | 4 |  4.2
Axes           | 3 |  3.4
Shields        | 4 |  4.0
Armour         | |  3.6
Dodging        | |  0.3

Action                   || total
-------------------------++-------
Melee: War axe           ||   112
  Use: Potion            ||     3
Armor: Scale mail        ||    53
Dodge: Dodged            ||    39
Block: Kite shield       ||    75

Table legend: (Time is in decaauts)
 A = Elapsed time spent in this place.
 B = Non-inter-level travel time spent in this place.
 C = Inter-level travel time spent in this place.
 D = Time resting spent in this place.
 E = Time spent auto-exploring this place.
 F = Levels seen in this place.
 G = Mean time per level.
                   A        B        C        D        E       F      G
               +--------+--------+--------+--------+--------+-----+--------+
         Total |   1673 |   1647 |     26 |    146 |   1219 |   2 |  836.5 |
       Dungeon |   1673 |   1647 |     26 |    146 |   1219 |   2 |  836.5 |
               +--------+--------+--------+--------+--------+-----+--------+

Top non-repeatable levels by time:
     D:2: 841 daAuts
     D:1: 831 daAuts
